 Dungeon Crawl Stone Soup version 0.30.1-4-g462c640d31 (webtiles) character file.

Game seed: 7473978955962829800

64 anacleto the Conjurer (level 3, 0/19 HPs)
             Began as a Deep Elf Conjurer on Aug 19, 2023.
             Slain by an adder (3 damage)
             ... on level 3 of the Dungeon.
             The game lasted 00:06:23 (2254 turns).

anacleto the Conjurer (Deep Elf Conjurer)           Turns: 2254, Time: 00:06:23

Health: 0/19       AC:  2    Str:  4    XL:     3   Next: 91%
Magic:  7/11       EV: 12    Int: 30    God:
Gold:   70         SH:  0    Dex: 13    Spells: 8/11 levels left

rFire   + . .        a - staff of fire
rCold   . . .        (no shield)
rNeg    . . .        r - +0 robe
rPois   .            (no helmet)
rElec   .            (no cloak)
rCorr   .            (no gloves)
SInv    .            (no boots)
Will    +....        (no amulet)
Stlth   ++           d - ring of willpower
HPRegen 0.23/turn    f - +6 ring of intelligence
MPRegen 0.12/turn

%: no passive effects
@: no status effects
A: no striking features
a: no special abilities


You were on level 3 of the Dungeon.
You visited 1 branch of the dungeon, and saw 3 of its levels.

You collected 70 gold pieces.

Inventory:

Hand Weapons
 b - the +4 whip "Beast's Demise" {elec, rCorr Str+2 Dex-2 SInv}
   (You found it on level 3 of the Dungeon)

   Str:       It affects your strength (+2).
   Dex:       It affects your dexterity (-2).
   SInv:      It lets you see invisible.
   rCorr:     It protects you from acid and corrosion.
Missiles
 c - 17 stones
 q - 2 curare-tipped darts
Armour
 r - a +0 robe (worn)
Magical Staves
 a - a staff of fire (weapon)
Jewellery
 d - a ring of willpower (left hand)
 f - a +6 ring of intelligence (right hand)
 s - a +6 ring of intelligence
Wands
 u - a wand of mindburst (18)
Scrolls
 g - 2 scrolls of enchant weapon {unknown}
 h - 3 scrolls of fear {unknown}
 i - a scroll of noise {unknown}
 k - 2 scrolls of blinking {unknown}
 m - a scroll of immolation {unknown}
 n - a scroll of brand weapon {unknown}
 o - 4 scrolls of identify {unknown}
 p - a scroll of teleportation {unknown}
Potions
 e - 2 potions of curing {unknown}
 j - a potion of flight {unknown}
 l - a potion of resistance {unknown}
 t - a potion of magic


   Skills:
 - Level 2.4 Dodging
 + Level 2.6 Stealth
 + Level 4.5 Spellcasting
 + Level 5.3 Conjurations


You had 8 spell levels left.
You knew the following spells:

 Your Spells              Type           Power      Damage    Failure   Level
a - Magic Dart            Conj           100%       1d8       1%          1
b - Searing Ray           Conj           76%        2d7       1%          2

Your spell library contained the following spells:

 Spells                   Type           Power      Damage    Failure   Level
 Dazzling Flash           Conj/Hex       44%        N/A       6%          3
 Fulminant Prism          Conj/Hex       11%        3d9       21%         4
 Iskenderun's Mystic Bla  Conj/Tloc      22%        2d6       21%         4


Dungeon Overview and Level Annotations

Branches:
Dungeon (3/15)

Altars:
Qazlal


Message History

Aiming: Magic Dart (safe; 1% risk of failure)
Press: ? - help, Q - select action, (/) - cycle Shift-Dir - straight line, f - giant cockroach
Aim: a giant cockroach (asleep, 100% to hit)
The magic dart hits the giant cockroach.
You kill the giant cockroach!
An orc priest comes into view. It is wielding a +0 whip.
You see here a scroll labelled FIXYREIFF LIEZ.
o - 4 scrolls labelled FIXYREIFF LIEZ (gained 1)
The orc priest shouts!
You hear an angry hiss.
Aiming: Magic Dart (safe; 1% risk of failure)
Press: ? - help, Q - select action, (/) - cycle Shift-Dir - straight line, f - orc priest
Aim: an orc priest, wielding a +0 whip and wearing a +0 leather armour (100% to hit)
The magic dart hits the orc priest.
The orc priest is moderately wounded.
An adder comes into view.
Aiming: Magic Dart (safe; 1% risk of failure)
Press: ? - help, Q - select action, (/) - cycle Shift-Dir - straight line, f/p - orc priest
Aim: an orc priest, wielding a +0 whip and wearing a +0 leather armour (moderately wounded, 100% to hit)
The magic dart hits the orc priest.
The orc priest is heavily wounded.
The adder hisses angrily.
The orc priest calls down the wrath of Beogh upon you.
Beogh smites you!
Ouch! That really hurt!
* * * LOW HITPOINT WARNING * * *
An orc comes into view.
It is wielding a +0 short sword of electrocution.
The orc shouts!
Aiming: Magic Dart (safe; 1% risk of failure)
Press: ? - help, Q - select action, (/) - cycle Shift-Dir - straight line, f/p - orc priest
Aim: an orc priest, wielding a +0 whip and wearing a +0 leather armour (heavily wounded, 100% to hit)
The magic dart hits the orc priest.
The orc priest is severely wounded.
An orc comes into view. It is wielding a +0 club.
Aiming: Magic Dart (safe; 1% risk of failure)
Press: ? - help, Q - select action, (/) - cycle Shift-Dir - straight line, f/p - orc priest
Aim: an orc priest, wielding a +0 whip and wearing a +0 leather armour (severely wounded, 100% to hit)
The magic dart hits the orc priest.
The orc priest is severely wounded.
The adder bites you.
You die...

..............#
.....###.#....#
.........#....#
.....##.#.....#
......#.#...###
......#.......##
......#.#..#...########.
...................
....##.......@..o..o.
....#........S......o
... #.##.#.#.........
#...$........###.
#.##.#######.# # #. ...
# ... ...


You could see an orc priest, an adder and 2 orcs.

Vanquished Creatures
  An adder (D:2)
  A worm (D:3)
  2 dart slugs (D:2)
  4 endoplasms
  4 giant cockroaches
  4 goblins
  7 hobgoblins
  4 kobolds
  2 quokkas
  8 ball pythons
  3 bats
  2 frilled lizards
  3 rats
45 creatures vanquished.

Notes
Turn   | Place    | Note
-------+----------+-------------------------------------------
     0 | D:1      | anacleto the Deep Elf Conjurer began the quest for the Orb.
     0 | D:1      | Reached XP level 1. HP: 10/10 MP: 6/6
   252 | D:1      | Reached XP level 2. HP: 15/15 MP: 6/8
   255 | D:1      | Learned a level 2 spell: Searing Ray
   689 | D:1      | Found a faded altar of an unknown god.
  1109 | D:2      | Reached skill level 5 in Conjurations
  1109 | D:2      | Reached XP level 3. HP: 19/19 MP: 8/10
  2033 | D:3      | Identified the +4 whip "Beast's Demise" {elec, rCorr Str+2
                  | Dex-2 SInv}
  2148 | D:3      | Found a stormy altar of Qazlal.
  2254 | D:3      | Slain by an adder

Illustrated notes

Levels and vault maps discovered:
D:1:      eino_arrival_druids_welcome, layout_loops_ring,
          hellmonk_ecumenical_altar_inner_sanctum
D:2:      layout_loops_corners, minmay_increasing_density
D:3:      minmay_evil_eye, layout_basic, lemuel_tele_altar, grunt_qazlal_clouds

Skill      XL: |  1  2 |
---------------+-------+-----
Spellcasting   | 4 |  4.5
Conjurations   | 5 |  5.3
Dodging        | |  2.4
Stealth        | |  2.6

Action                     || total
---------------------------++-------
   Cast: Magic Dart        ||    73
         Searing Ray       ||     1
  Dodge: Dodged            ||     2
